 Dungeon Crawl Stone Soup version 0.31-b1-18-g61460d1e46 (webtiles) character file.

Game seed: 17587138588495234132

1083 bnorton916 the Magician (level 8, 0/41 HPs)
             Began as a Deep Elf Conjurer on Jan 16, 2024.
             Was an Initiate of Gozag.
             Killed by miscasting Iskenderun's Mystic Blast (4 damage)
             ... on level 5 of the Dungeon.
             The game lasted 00:08:36 (6882 turns).

bnorton916 the Magician (Deep Elf Conjurer)         Turns: 6882, Time: 00:08:37

Health: 0/41       AC: 11    Str:  4    XL:     8   Next: 8%
Magic:  13/21      EV: 12    Int: 26    God:    Gozag
Gold:   475        SH:  5    Dex: 13    Spells: 10/21 levels left

rFire   . . .        t - +1 short sword (freeze)
rCold   . . .        (no shield)
rNeg    + . .        E - +1 robe {rN+}
rPois   +            (no helmet)
rElec   .            C - +2 cloak {rPois}
rCorr   .            (no gloves)
SInv    .            a - +0 pair of boots
Will    +....        D - amulet of reflection
Stlth   ++           F - +4 ring of protection
HPRegen 0.26/turn    (no ring)
MPRegen 0.17/turn

%: reflection
@: enlightened, flying, very slightly contaminated
A: no striking features
a: Renounce Religion, Potion Petition, Call Merchant, Bribe Branch


You were on level 5 of the Dungeon.
You worshipped Gozag.
Gozag was aware of your devotion.
You visited 2 branches of the dungeon, and saw 7 of its levels.

You collected 537 gold pieces.
You paid 62 gold pieces to Gozag.

Inventory:

Hand Weapons
 g - a +3 dagger
 t - a +1 short sword of freezing (weapon)
 z - a +1 spear of distortion
Missiles
 f - 7 poisoned darts (quivered)
Armour
 a - a +0 pair of boots (worn)
 u - a +3 scale mail of cold resistance
 C - a +2 cloak of poison resistance (worn)
 E - a +1 robe of positive energy (worn)
Jewellery
 D - an amulet of reflection (around neck)
 F - a +4 ring of protection (left hand)
Scrolls
 d - 3 scrolls of noise {unknown}
 i - a scroll of acquirement {unknown}
 j - 2 scrolls of fog {unknown}
 k - 5 scrolls of amnesia {unknown}
 l - a scroll of teleportation {unknown}
 o - 4 scrolls of identify {unknown}
 p - a scroll of summoning {unknown}
 r - a scroll of immolation {unknown}
 s - a scroll of revelation {unknown}
 v - 2 scrolls of fear {unknown}
 y - a scroll of poison {unknown}
 B - a scroll of silence {unknown}
Potions
 c - a potion of mutation {unknown}
 e - a potion of haste {unknown}
 h - 2 potions of lignification {unknown}
 m - a potion of attraction {unknown}
 n - a potion of heal wounds {unknown}
 q - a potion of resistance {unknown}
 x - a potion of might {unknown}
 A - a potion of berserk rage {unknown}
 G - a potion of brilliance {unknown}


   Skills:
 - Level 2.4 Dodging
 - Level 2.4 Stealth
 + Level 7.4 Spellcasting
 + Level 7.2 Conjurations
 + Level 4.3 Translocations
 + Level 4.3 Alchemy


You had 10 spell levels left.
You knew the following spells:

 Your Spells              Type           Power      Damage    Failure   Level
a - Magic Dart            Conj           100%       1d8       1%          1
b - Searing Ray           Conj           94%        2d7       1%          2
c - Iskenderun's Mystic   Conj/Tloc      39%        2d9       5%          4
d - Fulminant Prism       Conj/Alch      19%        3d10      5%          4

Your spell library contained the following spells:

 Spells                   Type           Power      Damage    Failure   Level
 Mephitic Cloud           Conj/Alch/Air  29%        N/A       3%          3
 Dazzling Flash           Conj/Hex       56%        N/A       4%          3
 Manifold Assault         Tloc           32%        N/A       10%         4
 Fugue of the Fallen      Necr           9%         N/A       19%         3
 Ozocubu's Armour         Ice            9%         N/A       19%         3
 Ignite Poison            Fire/Alch      21%        N/A       24%         4
 Sticky Flame             Fire/Alch      21%        2d6       24%         4
 Curse of Agony           Necr           9%         N/A       86%         5
 Silence                  Hex/Air        4%         N/A       86%         5
 Ignition                 Fire           4%         3d4       100%        8


Dungeon Overview and Level Annotations

Branches:
Dungeon (6/15)             Temple (1/1) D:4

Altars:
Dithmenos
Elyvilon
Fedhas
Gozag
Kikubaaqudgha
Makhleb
Nemelex Xobeh
Okawaru
Ru
Sif Muna
Trog
Wu Jian
Zin
The Shining One

Annotations:
D:4 2 runed translucent doors, Driedwater's ghost, novice MiBe
D:6 Duvessa


Message History

Duvessa hits you with a +0 short sword. Duvessa misses you.
Unknown command.
Casting: Iskenderun's Mystic Blast (dangerous; 5% risk of failure)
Confirm with . or Enter, or press ? or * to list all spells.
You erupt in a blast of force!
The mystic blast hits Duvessa!
Duvessa is severely wounded.
Duvessa is knocked back by the mystic blast.
A sky beast appears from thin air!
Reactivating autopickup.
The sky beast closely misses you. Duvessa hits you with a +0 short sword.
* * * LOW HITPOINT WARNING * * *
You climb upwards.
There is a stone staircase leading down here.
Casting: Iskenderun's Mystic Blast (dangerous; 5% risk of failure)
Confirm with . or Enter, or press ? or * to list all spells.
You don't have enough magic to cast this spell.
It was a potion of enlightenment.
You feel very buoyant.
You fly up into the air.
The sky beast closely misses you. Magic courses through your body.
The sky beast hits you but does no damage.
Casting: Iskenderun's Mystic Blast (dangerous; 5% risk of failure)
Confirm with . or Enter, or press ? or * to list all spells.
You erupt in a blast of force!
The mystic blast hits the sky beast.
The sky beast is lightly wounded.
The sky beast is knocked back by the mystic blast.
The sky beast slams into the rock wall!
The sky beast is moderately wounded.
The sky beast misses you. The sky beast hits you.
* * * LOW HITPOINT WARNING * * *
The sky beast shocks you.
* * * LOW HITPOINT WARNING * * *
Casting: Iskenderun's Mystic Blast (dangerous; 5% risk of failure)
Confirm with . or Enter, or press ? or * to list all spells.
You miscast Iskenderun's Mystic Blast.
You are very lightly contaminated with residual magic.
You are caught in a violent explosion.
You die...
Your body crumbles into a pile of gold.

#.########### ####.# ##
#...........# #....# .#
##..........## #.####
.###### ########....# #.#
......# #.##.# #.# .####.#
#.##.###.# .# #.#
#.##.....#
.####.###########.######.#
................@........#
.<..#..........Y..########
#≈~.~##..#.#####.##
≈≈≈#≈≈≈.##.# #.#
≈#≈~≈~≈~≈#.## #.#
≈≈≈.⌠#≈≈≈~..# #.#
#≈...≈≈≈≈#.## #.#
≈≈~⌠.~≈≈#≈### #.#
≈~≈.~≈≈≈≈≈≈~# #.#


You could see a sky beast.

Vanquished Creatures
  Menkaure (D:4)
  A black bear (D:5)
  A centaur (D:5)
  A phantom (D:5)
  Dowan (D:6)
  2 howler monkeys
  A jelly (D:4)
  A bombardier beetle (D:4)
  A gnoll bouda (D:4)
  An orc priest (D:4)
  Crazy Yiuf (D:4)
  Terence (D:3)
  2 iguanas
  An orc wizard (D:3)
  2 sleepcaps
  Natasha (thrice) (D:4)
  Robin (D:3)
  5 gnolls (D:4)
  3 adders
  10 dart slugs
  4 ribbon worms
  5 orcs
  4 ball pythons
  3 bats
  6 endoplasms
  6 giant cockroaches
  17 goblins
  9 hobgoblins
  10 jackals
  A quokka (D:1)
  3 frilled lizards
  3 kobolds
  4 rats
115 creatures vanquished.

Vanquished Creatures (others)
  2 fulminant prisms
2 creatures vanquished.

Grand Total: 117 creatures vanquished

Notes
Turn   | Place    | Note
-------+----------+-------------------------------------------
     0 | D:1      | bnorton916 the Deep Elf Conjurer began the quest for the
                  | Orb.
     0 | D:1      | Reached XP level 1. HP: 10/10 MP: 6/6
   189 | D:1      | Reached XP level 2. HP: 15/15 MP: 5/8
   192 | D:1      | Learned a level 2 spell: Searing Ray
  1098 | D:2      | Reached skill level 5 in Conjurations
  1098 | D:2      | Reached XP level 3. HP: 19/19 MP: 6/10
  1966 | D:3      | Reached XP level 4. HP: 24/24 MP: 10/12
  2221 | D:3      | Learned a level 4 spell: Iskenderun's Mystic Blast
  2226 | D:3      | Learned a level 4 spell: Fulminant Prism
  2286 | D:3      | Noticed Terence
  2290 | D:3      | Killed Terence
  2291 | D:3      | Reached skill level 5 in Spellcasting
  2561 | D:3      | Noticed Robin
  2576 | D:3      | Killed Robin
  2577 | D:3      | Reached skill level 1 in Translocations
  2577 | D:3      | Reached skill level 1 in Alchemy
  2577 | D:3      | Reached XP level 5. HP: 13/28 MP: 2/14
  3318 | D:3      | Found a sacrificial altar of Ru.
  3443 | D:4      | Found a staircase to the Ecumenical Temple.
  3528 | Temple   | Entered the Ecumenical Temple
  3551 | Temple   | Became a worshipper of Gozag Ym Sagoz the Greedy
  3591 | D:4      | Reached XP level 6. HP: 17/32 MP: 7/16
  3660 | D:4      | Noticed Natasha
  3664 | D:4      | Killed Natasha
  3792 | D:4      | Noticed Natasha
  3801 | D:4      | Killed Natasha
  4548 | D:4      | Found a shadowy altar of Dithmenos.
  4776 | D:4      | Noticed Menkaure
  4783 | D:4      | Killed Menkaure
  4784 | D:4      | Reached XP level 7. HP: 19/36 MP: 10/18
  4904 | D:4      | Found a runed translucent door.
  4908 | D:4      | Noticed Driedwater's ghost (novice MiBe)
  5011 | D:4      | Found a runed translucent door.
  5342 | D:4      | Noticed Natasha
  5346 | D:4      | Killed Natasha
  5530 | D:4      | Found a runed translucent door.
  5531 | D:4      | Noticed Crazy Yiuf
  5539 | D:4      | Killed Crazy Yiuf
  5660 | D:5      | Entered Level 5 of the Dungeon
  6339 | D:5      | Found an ornate altar of the Wu Jian Council.
  6698 | D:5      | Reached XP level 8. HP: 41/41 MP: 14/21
  6763 | D:6      | Noticed Duvessa
  6763 | D:6      | Noticed Dowan
  6767 | D:6      | Killed Dowan
  6882 | D:5      | Killed by miscasting Iskenderun's Mystic Blast

Illustrated notes

Levels and vault maps discovered:
D:1:      wander_arrival_fairy_ring, layout_basic
D:2:      layout_basic, serial_rivers, chequers_serial_rivers_micro_e,
          chequers_serial_rivers_micro_d, chequers_serial_rivers_room_b,
          chequers_serial_rivers_large_b
D:3:      layout_basic, overflow_temple_1_default, uniq_terence, uniq_robin
D:4:      layout_basic, amcnicky_altar_gilded, minmay_temple_entry_proselytizer,
          ebering_ghost_sewer_f, hangedman_abyss_or_decor_lesser_grid,
          uniq_menkaure, uniq_natasha, uniq_crazy_yiuf_cottage
D:5:      kennysheep_slugbush, layout_basic, pdpol_wu_jian_five_deadly_venoms,
          dreamdust_princess_corridor
D:6:      layout_cave_pods, lemuel_doored_altar,
          beargit_hepliaklqana_dungeon_heroes, uniq_duvessa
Temple:   hellmonk_temple_of_storms

Skill      XL: |  1  2  3  4  5  6  7 |
---------------+----------------------+-----
Spellcasting   | 4 5 6 7 |  7.4
Conjurations   | 5 6 7 |  7.2
Translocations | 1 2 3 4 |  4.3
Alchemy        | 1 2 3 4 |  4.3
Dodging        | |  2.4
Stealth        | |  2.4

Action                     |  1- 3 |  4- 6 |  7- 9 || total
---------------------------+-------+-------+-------++-------
  Melee: Short sword       |       |     2 |     1 ||     3
   Cast: Magic Dart        |    70 |    72 |    56 ||   198
         Searing Ray       |     2 |    26 |    10 ||    38
         Fulminant Prism   |       |     1 |     1 ||     2
         Iskenderun's Myst |       |       |     8 ||     8
    Use: Potion            |       |       |     2 ||     2
 Armour: Robe              |     2 |    28 |    35 ||    65
  Dodge: Dodged            |     2 |    29 |    17 ||    48
  Block: Other             |       |       |     9 ||     9
         Reflection        |       |       |     1 ||     1
